 Dungeon Crawl Stone Soup version 0.22.1-1-ga44c0e56f4 (webtiles) character file.

291632 Peloso the Hoplite (level 19, -3/274 HPs)
             Began as a Minotaur Fighter on Oct 16, 2018.
             Was the Champion of Okawaru.
             Slain by Mennas
             ... wielding a +3 sacred scourge of holy wrath
              (8 damage)
             ... on level 2 of the Vaults.
             The game lasted 02:13:41 (48728 turns).

Peloso the Hoplite (Minotaur Fighter)              Turns: 48728, Time: 02:13:42

Health: -3/274     AC: 26    Str: 36 (37) XL:     19   Next: 96%
Magic:  19/19      EV: 12    Int: 13      God:    Okawaru [******]
Gold:   1312       SH: 29    Dex: 20      Spells: 18/18 levels left

rFire    . . .     SeeInvis +   a - +6 double sword of Jahuha {speed, Fragile rN+ Int+8 Stlth+}
rCold    + . .     Gourm    .   D - +1 large shield {rC+}
rNeg     + + .     Faith    +   Q - +2 plate armour of the Spheres {SInv}
rPois    .         Spirit   .   (helmet restricted)
rElec    .         Reflect  .   I - +1 cloak {MR+}
rCorr    .         Harm     .   H - +0 pair of gloves of Okawaru's Esteem {Dex+8}
MR       ++...                  S - +1 pair of boots {Fly}
Stlth    ..........             t - amulet of faith
HPRegen  0.55/turn              (no ring)
MPRegen  0.16/turn              M - ring of Todob {rN+ Str+5}

@: berserking, flying, glowing, silenced, very quick
A: retaliatory headbutt, horns 2, deterioration 1
}: 2/15 runes: decaying, gossamer
a: Renounce Religion, Stop Flying


You were on level 2 of the Vaults.
You worshipped Okawaru.
Okawaru was exalted by your worship.
You were hungry.

You visited 8 branches of the dungeon, and saw 37 of its levels.
You also visited: Ossuary and Bailey.

You collected 4054 gold pieces.
You spent 2742 gold pieces at shops.

Inventory:

Hand Weapons
 a - the +6 double sword of Jahuha (weapon) {speed, Fragile rN+ Int+8 Stlth+}
   (Okawaru gifted it to you on level 1 of the Lair of Beasts)

   Attacks with this weapon are significantly faster.
   It affects your intelligence (+8).
   It protects you from negative energy.
   It will be destroyed if unequipped.
   It makes you more stealthy.
 b - a +2 double sword of draining
 c - the +11 long sword of Ysahub {slice, MR+}
   (You found it on level 3 of the Elven Halls)

   It inflicts extra damage upon your enemies.
   It affects your resistance to hostile enchantments.
 i - the +4 demon blade of Conscience {venom, Str+3}
   (Okawaru gifted it to you on level 2 of the Vaults)

   It poisons the flesh of those it strikes.
   It affects your strength (+3).
Armour
 q - +0 swamp dragon scales
 D - a +1 large shield of cold resistance (worn)
 H - the +0 pair of gloves of Okawaru's Esteem (worn) {Dex+8}
   (Okawaru gifted it to you on level 11 of the Dungeon)

   It affects your dexterity (+8).
 I - a +1 cloak of magic resistance (worn)
 Q - the +2 plate armour of the Spheres (worn) {SInv}
   (Okawaru gifted it to you on level 4 of the Spider Nest)

   It lets you see invisible.
 S - a +1 pair of boots of flying (worn)
Jewellery
 p - a cursed ring of ice {unknown}
 t - an amulet of faith (around neck)
 B - a +2 ring of slaying
 M - the ring of Todob (right hand) {rN+ Str+5}
   (You bought it in a shop on level 2 of the Orcish Mines)

   [ring of strength]

   It affects your strength (+5).
   It protects you from negative energy.
 Z - an uncursed ring of poison resistance
Wands
 k - a wand of paralysis (9)
 C - a wand of digging (27)
Scrolls
 e - 12 scrolls of remove curse
 j - 12 scrolls of teleportation
 m - 3 scrolls of enchant armour
 n - a scroll of enchant weapon
 o - 3 scrolls of blinking
 r - 6 scrolls of identify
 A - 6 scrolls of fear
 E - 2 scrolls of summoning
 K - 6 scrolls of magic mapping
 N - 7 scrolls of noise
Potions
 d - 5 potions of berserk rage
 g - 4 potions of agility
 h - 6 potions of haste
 l - 5 potions of heal wounds
 u - 5 potions of resistance
 v - 6 potions of curing
 L - 6 potions of might
Comestibles
 f - 79 rations


   Skills:
 + Level 19.2 Fighting
   Level 2.3(13.5) Short Blades
 + Level 21.0(21.1) Long Blades
 + Level 16.4 Armour
 + Level 5.4 Dodging
 + Level 3.0 Stealth
 + Level 23.8 Shields
 + Level 1.4 Invocations
 + Level 2.4 Evocations


You had 18 spell levels left.
You didn't know any spells.
Your spell library contained the following spells:

 Spells                   Type           Power        Failure   Level  Hunger
 Infusion                 Chrm           #...         80%         1    ##.....
 Magic Dart               Conj           #...         80%         1    ##.....
 Shock                    Conj/Air       #...         80%         1    ##.....
 Sting                    Conj/Pois      #...         80%         1    ##.....
 Blink                    Tloc           N/A          91%         2    ###....
 Call Imp                 Summ           #.......     91%         2    ###....
 Ensorcelled Hibernation  Hex/Ice        #.....       91%         2    ###....
 Poisonous Vapours        Pois/Air       #.....       91%         2    ###....
 Searing Ray              Conj           #.....       91%         2    ###....
 Shroud of Golubria       Chrm/Tloc      #.........   91%         2    ###....
 Slow                     Hex            #.......     91%         2    ###....
 Song of Slaying          Chrm           #.......     91%         2    ###....
 Swiftness                Chrm/Air       #.......     91%         2    ###....
 Throw Flame              Conj/Fire      #.....       91%         2    ###....
 Conjure Flame            Conj/Fire      #.......     99%         3    ####...
 Dazzling Spray           Conj/Hex       #.....       99%         3    ####...
 Mephitic Cloud           Conj/Pois/Air  #.......     99%         3    ####...
 Ozocubu's Armour         Chrm/Ice       #.......     99%         3    ####...
 Recall                   Summ/Tloc      N/A          99%         3    ####...
 Regeneration             Chrm/Necr      #.........   99%         3    ####...
 Spectral Weapon          Hex/Chrm       #.......     99%         3    ####...
 Static Discharge         Conj/Air       #.......     99%         3    ####...
 Animate Dead             Necr           N/A          100%        4    #####..
 Iskenderun's Mystic Bla  Conj           #.......     100%        4    #####..
 Leda's Liquefaction      Hex/Erth       #.........   100%        4    #####..
 Olgreb's Toxic Radiance  Pois           #.......     100%        4    #####..
 Sticky Flame             Conj/Fire      #.......     100%        4    #####..
 Summon Ice Beast         Ice/Summ       #.......     100%        4    #####..
 Summon Lightning Spire   Summ/Air       #.......     100%        4    #####..
 Throw Icicle             Conj/Ice       #.......     100%        4    #####..
 Bolt of Magma            Conj/Fire/Erth #.........   100%        5    ######.
 Borgnjor's Vile Clutch   Necr/Erth      #.........   100%        5    ######.
 Fireball                 Conj/Fire      #.........   100%        5    ######.
 Irradiate                Conj/Tmut      #.........   100%        5    ######.
 Iskenderun's Battlesphe  Conj/Chrm      #.......     100%        5    ######.
 Lightning Bolt           Conj/Air       #.........   100%        5    ######.
 Silence                  Hex/Air        #.........   100%        5    ######.
 Venom Bolt               Conj/Pois      #.........   100%        5    ######.
 Conjure Ball Lightning   Conj/Air       #.........   100%        6    #######
 Darkness                 Hex            #.........   100%        6    #######
 Death Channel            Necr           #.........   100%        6    #######
 Deflect Missiles         Chrm/Air       #.........   100%        6    #######
 Hydra Form               Tmut           #.........   100%        6    #######
 Iron Shot                Conj/Erth      #.........   100%        6    #######
 Shadow Creatures         Summ           N/A          100%        6    #######
 Simulacrum               Ice/Necr       #.........   100%        6    #######
 Statue Form              Tmut/Erth      #........    100%        6    #######
 Dragon Form              Tmut           #.........   100%        7    #######
 Haunt                    Necr/Summ      #.........   100%        7    #######
 Borgnjor's Revivificati  Necr           #.........   100%        8    #######
 Death's Door             Chrm/Necr      #.........   100%        8    #######
 Ignition                 Fire           #.........   100%        8    #######
 Infestation              Necr           #.........   100%        8    #######
 Necromutation            Tmut/Necr      #.........   100%        8    #######
 Shatter                  Erth           #.........   100%        9    #######
 Tornado                  Air            #.........   100%        9    #######


Dungeon Overview and Level Annotations

Branches:
Dungeon (15/15)            Temple (1/1) D:6            Lair (6/6) D:11
  Swamp (4/4) Lair:2       Spider (4/4) Lair:3        Slime (0/5) Lair:5
    Orc (2/2) D:9             Elf (3/3) Orc:2        Vaults (2/5) D:13
  Crypt (0/3) Vaults:2     Depths (0/5) D:15

Altars:
Ashenzari
Cheibriados
Elyvilon
Fedhas
Hepliaklqana
Kikubaaqudgha
Makhleb
Nemelex Xobeh
Okawaru
Qazlal
Ru
Sif Muna
Trog
Uskayaw
Vehumet
Wu Jian
Xom
Yredelemnul
Zin
The Shining One
Beogh

Shops:
D:7 [   D:11 [   Orc:2 %?!=   Elf:1 (   Elf:3 }   Vaults:1 [?(

Annotations:
D:3 1 transporter
D:6 exclusion: oklob plant
D:7 exclusion: oklob plant
Vaults:2 Mennas


Innate Abilities, Weirdness & Mutations

You reflexively headbutt those who attack you in melee.
You have a pair of horns on your head.
Your body sometimes deteriorates upon taking damage.


Message History

Unknown command.
Mennas blocks your attack.
Mennas is almost dead.
The deep troll shaman bites you but does no damage.
You block the deep troll shaman's attack. x2
Unknown command.
You hit Mennas. Your headbutt misses Mennas.
Mennas is almost dead.
You block Mennas's attack.
Mennas hits you with a sacred scourge of holy wrath!
* * * LOW HITPOINT WARNING * * *
Mennas blocks your attack.
Your headbutt misses Mennas.
Mennas is almost dead.
Mennas blocks your attack.
Mennas is almost dead.
You block the deep troll shaman's attack. x3
Mennas hits you with a sacred scourge of holy wrath!
* * * LOW HITPOINT WARNING * * *
Mennas hits you with a sacred scourge of holy wrath!
You die...

... .... ... ..z #T#####
.Tp..# #.8 #####T8.# #..
#...#@AC########
#.###._.###.'...[..#
#.#.......#.#......#
#.#...>...'.#......#
#.#.......#.#C.....#
#.###._.###.#......#
########...#...#...#......#
.......'.8.#####.8.########
...)...#...........#


You could see Mennas, an ironheart preserver, a skeletal warrior, a deep troll,
a cyclops and 2 deep troll shamans.

Vanquished Creatures
  the Lernaean hydra (Swamp:4)
  Nikola (Swamp:1)
  A Brimstone Fiend (Spider:3)
  2 tentacled monstrosities
  The ghost of Debik the Sorcerer, an adept DEEE of Vehumet (Elf:3)
  A deep elf blademaster (Elf:3)
  4 thorn hunters
  Roxanne (Swamp:1)
  Kirke (Swamp:1)
  4 ghost moths (Spider:4)
  6 deep elf sorcerers (Elf:3)
  7 emperor scorpions
  3 ironheart preservers (Vaults:1)
  2 vault wardens (Vaults:1)
  4 deep elf elementalists (Elf:3)
  A very ugly thing (Swamp:2)
  An entropy weaver (Spider:4)
  8 deep elf demonologists (Elf:3)
  11 deep elf annihilators
  2 spark wasps (Spider:4)
  2 ettins
  A fire dragon (D:15)
  6 deep elf death magi
  Josephine (Swamp:1)
  3 deep elf high priests (Elf:3)
  3 ogre magi
  21 hydras
  A catoblepas (Lair:6)
  A vault guard (D:13)
  A merfolk avatar (Lair:6)
  8 centaur warriors
  2 ghost crabs
  11 alligators
  8 two-headed ogres
  A deep troll earth mage (Vaults:1)
  27 dancing weapons
  4 orc high priests (Orc:2)
  A tengu warrior (D:11)
  Nergalle (D:11)
  Sonja (Orc:1)
  22 deep elf knights
  5 skeletal warriors
  2 wizards
  2 sea snakes (Lair:6)
  5 deep trolls
  9 swamp dragons
  A lindwurm (Swamp:4)
  69 deep elf magi
  An unseen horror (D:10)
  6 ironbrand convokers
  19 deep elf archers
  31 wolf spiders
  A shambling mangrove (Swamp:4)
  13 orb spiders
  8 orc knights
  11 ugly things
  A cyclops (D:7)
  4 manticores
  3 moths of wrath
  7 orc sorcerers
  2 black mambas
  4 vault sentinels (Vaults:1)
  A guardian serpent (shapeshifter) (D:14)
  A torpor snail (Spider:4)
  4 elephants (Lair:6)
  A gargoyle (D:14)
  4 yaktaurs
  21 spiny frogs
  A rime drake (shapeshifter) (D:14)
  2 kobold demonologists
  13 demonic crawlers
  9 komodo dragons
  10 rime drakes
  A freezing wraith (D:15)
  A tengu conjurer (D:11)
  A queen bee (D:11)
  2 polar bears (Lair:6)
  2 wind drakes (Lair:6)
  8 trolls
  32 jumping spiders
  3 meliai (D:14)
  A meliai (shapeshifter) (D:13)
  A hornet (shapeshifter) (D:13)
  12 hornets
  7 tyrant leeches
  13 blink frogs
  4 hippogriffs
  Grinder (D:5)
  7 dream sheep (Lair:6)
  23 slime creatures
  8 bog bodies
  A human simulacrum (Vaults:2)
  65 redbacks
  31 tarantellas
  3 air elementals
  A shadow (D:11)
  3 spriggans
  23 yaks
  5 water elementals
  A wyvern (D:11)
  A hog (Swamp:1)
  2 hungry ghosts
  Eustachio (D:4)
  4 wraiths
  2 basilisks
  2 fire elementals (Elf:2)
  The ghost of Kaderl the Shield-Bearer, an amateur HuFi (D:3)
  17 vampire mosquitoes
  12 swamp worms
  12 insubstantial wisps
  A soldier ant (D:13)
  7 wargs
  An acid dragon (D:13)
  15 water moccasins
  7 porcupines
  3 sky beasts
  2 phantoms
  11 swamp drakes
  5 ice beasts
  29 orc warriors
  A black bear (Lair:3)
  2 eyes of draining
  25 ogres
  7 wolves
  14 centaurs
  3 boggarts (D:15)
  6 crocodiles
  3 big kobolds
  17 bullfrogs
  3 earth elementals
  2 wyvern skeletons
  14 scorpions
  27 killer bees
  24 wights
  10 electric eels
  3 howler monkeys
  5 crimson imps
  4 centaur zombies
  4 centaur skeletons
  7 hounds
  22 orc wizards
  16 orc priests
  2 human zombies (Ossuary)
  3 jellies
  2 bullfrog skeletons
  10 worker ants
  2 iguanas
  Ijyb (D:4)
  2 big kobold zombies (Ossuary)
  3 worker ant zombies
  2 mummies (Ossuary)
  8 adders
  15 gnolls
  A howler monkey skeleton (D:10)
  A scorpion zombie (Ossuary)
  7 shadow imps
  2 oozes
  6 worms
  A dart slug (D:4)
  3 leopard geckos
  69 orcs
  5 giant cockroaches
  11 hobgoblins
  26 kobolds
  6 quokkas
  A ball python (D:6)
  2 bats
  5 frilled lizards
  25 goblins
  2 goblin zombies (Ossuary)
  2 hobgoblin zombies (Ossuary)
  A jackal skeleton (D:7)
  A kobold zombie (Ossuary)
  A leopard gecko skeleton (D:4)
  A quokka skeleton (D:5)
  4 rats
  3 briar patches (Swamp:3)
  2 fungi (Lair:1)
  A plant (Lair:1)
1312 creatures vanquished.

Vanquished Creatures (others)
  A deep elf knight (Elf:2)
  A spriggan druid (Swamp:4)
  2 lindwurms (Swamp:4)
  An orb spider (Spider:4)
  3 humans (Swamp:1)
  An orc wizard (Orc:2)
  A mummy (Ossuary)
  A gnoll (Bailey)
  7 fungi (Lair:6)
  7 plants (Lair:6)
25 creatures vanquished.

Grand Total: 1337 creatures vanquished

Notes
Turn   | Place    | Note
-------+----------+-------------------------------------------
     0 | D:1      | Peloso the Minotaur Fighter began the quest for the Orb.
     0 | D:1      | Reached XP level 1. HP: 19/19 MP: 0/0
   189 | D:1      | Reached skill level 4 in Shields
   189 | D:1      | Reached XP level 2. HP: 26/27 MP: 1/1
   806 | D:2      | Reached XP level 3. HP: 33/33 MP: 2/2
  1183 | D:2      | Found a snail-covered altar of Cheibriados.
  1423 | D:3      | Reached XP level 4. HP: 14/41 MP: 3/3
  1896 | D:3      | Found a transporter.
  1897 | D:3      | Noticed Kaderl's ghost (amateur HuFi)
  1912 | D:3      | Found a transporter.
  1915 | D:3      | Noticed an ogre
  1925 | D:3      | Noticed an ogre
  2331 | D:3      | Found a basalt altar of Yredelemnul.
  2342 | D:3      | Found a bloodstained altar of Trog.
  2355 | D:3      | Found a hazy altar of Hepliaklqana.
  2358 | D:3      | Found a deep blue altar of Sif Muna.
  2359 | D:3      | Found a stormy altar of Qazlal.
  2424 | D:4      | Reached XP level 5. HP: 47/47 MP: 4/4
  2428 | D:4      | Reached skill level 5 in Shields
  2471 | D:4      | Noticed Eustachio
  2479 | D:4      | Reached XP level 6. HP: 21/55 MP: 5/5
  2499 | D:4      | Reached skill level 5 in Armour
  2511 | D:4      | Killed Eustachio
  2511 | D:4      | Reached skill level 5 in Fighting
  2511 | D:4      | Reached skill level 5 in Long Blades
  2704 | D:4      | Reached skill level 1 in Dodging
  2704 | D:4      | Reached XP level 7. HP: 60/61 MP: 6/6
  3365 | D:4      | Noticed Ijyb
  3372 | D:4      | Killed Ijyb
  3427 | D:4      | Reached skill level 6 in Shields
  3813 | D:5      | Entered Level 5 of the Dungeon
  3825 | D:5      | Found a white marble altar of Elyvilon.
  3888 | D:5      | Noticed Grinder
  3896 | D:5      | Paralysed by Grinder for 3 turns
  3902 | D:5      | Paralysed by Grinder for 2 turns
  3910 | D:5      | Killed Grinder
  3910 | D:5      | Reached XP level 8. HP: 35/69 MP: 7/7
  4534 | D:6      | Found a staircase to the Ecumenical Temple.
  4565 | Temple   | Entered the Ecumenical Temple
  4578 | Temple   | Became a worshipper of Warmaster Okawaru
  4666 | D:6      | You fall through a shaft!
  4666 | D:7      | Found a sand-covered staircase.
  4671 | Ossuary  | Entered an ossuary
  4711 | Ossuary  | Reached skill level 7 in Shields
  4999 | Ossuary  | Reached * piety under Okawaru
  5042 | Ossuary  | Reached XP level 9. HP: 59/78 MP: 8/8
  5346 | D:7      | Found Pasomperph's Antique Armour Emporium.
  5365 | D:7      | Bought a glowing large shield for 187 gold pieces
  5382 | D:7      | Bought a pair of embroidered gloves for 187 gold pieces
  5400 | D:7      | Noticed an oklob plant
  5508 | D:7      | Reached skill level 8 in Shields
  6216 | D:7      | Noticed a cyclops
  6226 | D:7      | Killed a cyclops
  6226 | D:7      | Reached ** piety under Okawaru
  6226 | D:7      | Reached skill level 9 in Shields
  6581 | D:7      | Found a stormy altar of Qazlal.
  7218 | D:6      | Found an ancient bone altar of Kikubaaqudgha.
  7593 | D:6      | Found a blossoming altar of Fedhas.
  7615 | D:6      | Noticed an oklob plant
  8218 | D:8      | Reached skill level 10 in Long Blades
  8326 | D:8      | Reached skill level 10 in Shields
  8388 | D:8      | Found an iron altar of Okawaru.
  8390 | D:8      | Reached XP level 10. HP: 88/88 MP: 9/9
  8478 | D:8      | Found a glowing silver altar of Zin.
  8735 | D:8      | Reached *** piety under Okawaru
  8807 | D:8      | You fall through a shaft for 2 floors!
  8807 | D:10     | Entered Level 10 of the Dungeon
  9003 | D:9      | You fall through a shaft!
  9198 | D:10     | Found a sparkling altar of Nemelex Xobeh.
  9232 | D:10     | Received a gift from Okawaru
  9299 | D:10     | Killed an unseen horror
  9299 | D:10     | Reached skill level 11 in Shields
 10138 | D:9      | Reached **** piety under Okawaru
 10195 | D:9      | Noticed a deep elf mage
 10200 | D:9      | Noticed a sun demon
 10206 | D:9      | Noticed a rust devil
 10215 | D:9      | Killed a deep elf mage
 10215 | D:9      | Reached skill level 12 in Shields
 10725 | D:9      | Reached XP level 11. HP: 82/95 MP: 10/10
 10878 | D:9      | Found a staircase to the Orcish Mines.
 11560 | D:11     | Noticed Nergalle
 11573 | D:11     | Killed Nergalle
 11573 | D:11     | Reached skill level 1 in Stealth
 11585 | D:11     | Noticed a seven-headed hydra
 11643 | D:11     | Killed an 11-headed hydra
 11643 | D:11     | Reached ***** piety under Okawaru
 11726 | D:11     | Noticed a skeletal warrior
 11726 | D:11     | Noticed a skeletal warrior
 11730 | D:11     | Found a staircase to the Lair.
 11754 | D:11     | Killed a skeletal warrior
 11768 | D:11     | Killed a skeletal warrior
 11930 | D:11     | Noticed a skeletal warrior
 11931 | D:11     | Noticed a skeletal warrior
 11932 | D:11     | Noticed a skeletal warrior
 11958 | D:10     | Killed a skeletal warrior
 11958 | D:10     | Reached skill level 13 in Shields
 12135 | D:10     | Killed a skeletal warrior
 12249 | D:11     | Killed a skeletal warrior
 12267 | D:11     | Noticed a tengu warrior
 12288 | D:11     | Killed a tengu warrior
 12295 | D:11     | Received a gift from Okawaru
 12311 | D:11     | Reached skill level 10 in Armour
 12312 | D:11     | Found Sichasai's Armour Boutique.
 12322 | D:11     | Got a pair of dazzling gloves {god gift}
 12334 | D:11     | Identified the +0 pair of gloves of Okawaru's Esteem
                  | {Dex+8} (Okawaru gifted it to you on level 11 of the
                  | Dungeon)
 13360 | D:3      | Killed Kaderl's ghost
 13580 | D:12     | Found a flagged portal.
 13645 | Bailey   | Entered a bailey
 13673 | Bailey   | Reached XP level 12. HP: 106/106 MP: 11/11
 13800 | Bailey   | Found an iron altar of Okawaru.
 13831 | Bailey   | Gained mutation: Your body sometimes deteriorates upon
                  | taking damage. [a neqoxec]
 14061 | Bailey   | Reached skill level 10 in Fighting
 14260 | Bailey   | Got an ancient rapier
 14261 | Bailey   | Identified the +11 rapier of Ores {venom, Str+7} (You found
                  | it in a bailey)
 14273 | Bailey   | Got a faintly humming scale mail
 14284 | Bailey   | Identified the +4 scale mail of the Catfish {Int+3 SInv}
                  | (You found it in a bailey)
 14424 | Bailey   | Identified the Tome of Snow and Flight
 14524 | Bailey   | Reached skill level 14 in Shields
 15033 | D:12     | Noticed a two-headed ogre
 15042 | D:12     | Killed a two-headed ogre
 15042 | D:12     | Reached skill level 1 in Evocations
 15317 | D:12     | Reached skill level 1 in Short Blades
 15350 | D:12     | Noticed a two-headed ogre
 15357 | D:12     | Killed a two-headed ogre
 15432 | D:12     | Noticed an eight-headed hydra
 15440 | D:12     | Killed an eight-headed hydra
 15440 | D:12     | Reached skill level 1 in Invocations
 15670 | Lair:1   | Entered Level 1 of the Lair of Beasts
 15706 | Lair:1   | Received a gift from Okawaru
 15718 | Lair:1   | Got a polished double sword {god gift}
 15719 | Lair:1   | Identified the +6 double sword of Jahuha {speed, Fragile
                  | rN+ Int+8 Stlth+} (Okawaru gifted it to you on level 1 of
                  | the Lair of Beasts)
 16667 | Lair:2   | Reached ****** piety under Okawaru
 16705 | Lair:2   | Found a staircase to the Swamp.
 17491 | Lair:3   | Found a hole to the Spider Nest.
 17536 | Lair:3   | Received a gift from Okawaru
 17673 | Lair:3   | Reached skill level 15 in Shields
 17951 | Lair:3   | Reached XP level 13. HP: 115/115 MP: 13/13
 18575 | Lair:4   | Found the ring of Phasing {EV+8}
 19341 | Lair:5   | Got a pair of shimmering boots
 19347 | Lair:5   | Identified the +1 pair of boots "Pireomah" {-Cast +Blink
                  | rN+ Stlth+} (You found it on level 5 of the Lair of Beasts)
 19656 | Lair:5   | Found a staircase to the Slime Pits.
 20136 | Lair:6   | Entered Level 6 of the Lair of Beasts
 20146 | Lair:6   | Reached skill level 15 in Long Blades
 20582 | Lair:6   | Received a gift from Okawaru
 20666 | Lair:6   | Reached skill level 16 in Shields
 20702 | Lair:6   | HP: 2/117 [spiny frog (14)]
 21657 | Lair:6   | Reached XP level 14. HP: 110/126 MP: 14/14
 21972 | Lair:6   | Received a gift from Okawaru
 22868 | D:13     | Found a gate to the Vaults.
 23165 | D:14     | Received a gift from Okawaru
 23176 | D:14     | Got a dazzling large shield {god gift}
 23182 | D:14     | Identified the -4 large shield "Plog" {Dex+3} (Okawaru
                  | gifted it to you on level 14 of the Dungeon)
 23944 | D:14     | Reached skill level 17 in Shields
 24304 | D:15     | Entered Level 15 of the Dungeon
 24392 | D:15     | Found a staircase to the Depths.
 24414 | D:15     | Received a gift from Okawaru
 24498 | D:15     | Paralysed by a wizard for 2 turns
 25250 | D:15     | Reached XP level 15. HP: 110/136 MP: 15/15
 25696 | Orc:1    | Entered Level 1 of the Orcish Mines
 25850 | Orc:2    | Entered Level 2 of the Orcish Mines
 26402 | Orc:1    | Noticed Sonja
 26426 | Orc:1    | Killed Sonja
 26721 | Orc:2    | Received a gift from Okawaru
 26940 | Orc:2    | Found Plog's Jewellery Boutique.
 27009 | Orc:2    | Reached skill level 18 in Shields
 27397 | Orc:2    | Found Nyreunoelu's Food Boutique.
 27398 | Orc:2    | Found Xeijeis's Distillery.
 27398 | Orc:2    | Found Vaij's Magic Scroll Shoppe.
 27409 | Orc:2    | Bought a potion of might for 64 gold pieces
 27409 | Orc:2    | Bought a potion of heal wounds for 80 gold pieces
 27425 | Orc:2    | Bought a scroll of enchant weapon for 105 gold pieces
 27425 | Orc:2    | Bought a scroll of acquirement for 728 gold pieces
 27425 | Orc:2    | Bought a scroll of identify for 28 gold pieces
 27425 | Orc:2    | Bought a scroll of fear for 49 gold pieces
 27439 | Orc:2    | Bought the ring of Todob {rN+ Str+5} for 628 gold pieces
 27655 | Orc:2    | Found a roughly hewn altar of Beogh.
 27656 | Orc:2    | Found a staircase to the Elven Halls.
 28247 | Elf:1    | Entered Level 1 of the Elven Halls
 29350 | Elf:1    | Found Faonkeet's Antique Weapon Shop.
 29420 | Elf:1    | Received a gift from Okawaru
 30591 | Swamp:1  | Entered Level 1 of the Swamp
 30591 | Swamp:1  | Noticed a thorn hunter
 30604 | Swamp:1  | Killed a thorn hunter
 30604 | Swamp:1  | Reached XP level 16. HP: 147/147 MP: 16/16
 30850 | Swamp:1  | Noticed Roxanne
 30875 | Swamp:1  | Noticed Kirke
 30887 | Swamp:1  | Killed Kirke
 30948 | Swamp:1  | Noticed Nikola
 31315 | Spider:1 | Entered Level 1 of the Spider Nest
 31318 | Spider:1 | Reached skill level 15 in Fighting
 31428 | Spider:1 | Received a gift from Okawaru
 31820 | Spider:1 | Reached skill level 19 in Shields
 32312 | Spider:1 | Got a smoking flail
 32315 | Spider:1 | Identified the +7 flail of Execution {distort, rN+ Str-4
                  | Int+5} (You found it on level 1 of the Spider Nest)
 33198 | Spider:2 | Received a gift from Okawaru
 34508 | Spider:3 | Noticed a Brimstone Fiend
 34513 | Spider:3 | Killed a Brimstone Fiend
 34549 | Spider:4 | Entered Level 4 of the Spider Nest
 34754 | Spider:4 | Received a gift from Okawaru
 34844 | Spider:3 | Reached skill level 20 in Shields
 35190 | Spider:4 | Received a gift from Okawaru
 35633 | Spider:3 | Reached XP level 17. HP: 153/158 MP: 17/17
 36124 | Spider:4 | Received a gift from Okawaru
 36166 | Spider:4 | Got a fine plate armour {god gift}
 36200 | Spider:3 | Identified the +2 plate armour of the Spheres {SInv}
                  | (Okawaru gifted it to you on level 4 of the Spider Nest)
 37072 | Spider:4 | Got a gossamer rune of Zot
 37456 | Orc:2    | Bought a scroll of summoning for 133 gold pieces
 37456 | Orc:2    | Bought a scroll of identify for 28 gold pieces
 37458 | Orc:2    | Bought a scroll of identify for 28 gold pieces
 37458 | Orc:2    | Bought a scroll of identify for 28 gold pieces
 37722 | Elf:2    | Identified the Papyrus of Good Luck
 37930 | Elf:2    | Reached skill level 15 in Armour
 37930 | Elf:2    | Reached skill level 21 in Shields
 38077 | Elf:2    | Received a gift from Okawaru
 38097 | Elf:2    | Reached skill level 5 in Dodging
 38262 | Elf:2    | Found a runed gate.
 38269 | Elf:2    | Found a runed gate.
 38269 | Elf:2    | Found a runed gate.
 38863 | Elf:2    | Received a gift from Okawaru
 39374 | Elf:3    | Entered Level 3 of the Elven Halls
 39427 | Elf:3    | Noticed a Hell Sentinel
 39436 | Elf:3    | Reached XP level 18. HP: 157/168 MP: 18/18
 39756 | Elf:3    | Found Ducvymink's Gadget Shop.
 39803 | Elf:3    | Received a gift from Okawaru
 39880 | Elf:3    | Found a radiant altar of Vehumet.
 39896 | Elf:3    | Found a runed door.
 39898 | Elf:3    | Noticed Debik's ghost (adept DEEE)
 39908 | Elf:3    | Found a deep blue altar of Sif Muna.
 39976 | Elf:3    | Killed Debik's ghost
 39992 | Elf:3    | Got an ancient long sword
 40001 | Elf:3    | Identified the +11 long sword of Ysahub {slice, MR+} (You
                  | found it on level 3 of the Elven Halls)
 40784 | Elf:3    | Noticed a Tzitzimitl
 41119 | Elf:3    | Received a gift from Okawaru
 41621 | Elf:3    | Reached skill level 22 in Shields
 42039 | Elf:3    | Identified the Disquisition on Conjuration
 42956 | Elf:3    | Got a topaz-encrusted plate armour
 42967 | Elf:3    | Identified the cursed +0 plate armour "Dehiecofa" {rF+}
                  | (You found it on level 3 of the Elven Halls)
 43531 | Swamp:1  | Killed Nikola
 43570 | Swamp:1  | Noticed Josephine
 43576 | Swamp:1  | Received a gift from Okawaru
 43598 | Swamp:1  | Killed Josephine
 43952 | Swamp:1  | Killed Roxanne
 44008 | Swamp:2  | Noticed a tentacled monstrosity
 44019 | Swamp:2  | Killed a tentacled monstrosity
 44105 | Swamp:2  | Identified Kyjidat's Grimoire of the Arsonist and
                  | Protection
 44257 | Swamp:2  | Reached XP level 19. HP: 150/179 MP: 19/19
 45167 | Swamp:3  | Received a gift from Okawaru
 45310 | Swamp:3  | Got a steaming great sword {god gift}
 45311 | Swamp:3  | Identified the +10 great sword of Nightmares {pain, rF++
                  | Dex+4} (Okawaru gifted it to you on level 3 of the Swamp)
 45318 | Swamp:4  | Entered Level 4 of the Swamp
 45498 | Swamp:4  | Reached skill level 23 in Shields
 45817 | Swamp:4  | Got a decaying rune of Zot
 45902 | Swamp:4  | Noticed the 27-headed Lernaean hydra
 45910 | Swamp:4  | Killed the 27-headed Lernaean hydra
 45910 | Swamp:4  | Received a gift from Okawaru
 46629 | Vaults:1 | Entered Level 1 of the Vaults
 47106 | Vaults:1 | Received a gift from Okawaru
 47937 | Vaults:1 | Found Widwat's Weapon Shoppe.
 48171 | Vaults:1 | Found Zoawnat's Armour Shoppe.
 48324 | Vaults:1 | Found Qiomag's Magic Scroll Emporium.
 48346 | Vaults:1 | Bought a scroll of enchant armour for 105 gold pieces
 48346 | Vaults:1 | Bought a scroll of enchant weapon for 105 gold pieces
 48346 | Vaults:1 | Bought a scroll of magic mapping for 49 gold pieces
 48346 | Vaults:1 | Bought 2 scrolls of enchant armour for 210 gold pieces
 48623 | Vaults:2 | Received a gift from Okawaru
 48626 | Vaults:2 | Got a jewelled demon blade {god gift}
 48627 | Vaults:2 | Identified the +4 demon blade of Conscience {venom, Str+3}
                  | (Okawaru gifted it to you on level 2 of the Vaults)
 48664 | Vaults:2 | Found a staircase to the Crypt.
 48664 | Vaults:2 | Found an ancient bone altar of Kikubaaqudgha.
 48665 | Vaults:2 | Found a basalt altar of Yredelemnul.
 48676 | Vaults:2 | Noticed Mennas
 48726 | Vaults:2 | HP: 12/274 [Mennas/sacred scourge of holy wrath (10)]
 48728 | Vaults:2 | HP: 5/274 [Mennas/sacred scourge of holy wrath (7)]
 48728 | Vaults:2 | Slain by Mennas

Skill      XL: |  1  2  3  4  5  6  7  8  9 10 11 12 13 14 15 16 17 18 19 |
---------------+----------------------------------------------------------+-----
Shields        | 4 5 6 7 10 12 13 15 16 17 18 20 21 22 23 | 23.8
Armour         | 4 5 6 7 8 9 10 11 12 13 14 15 16 | 16.4
Fighting       | 4 5 6 7 8 9 10 12 13 14 16 18 19 | 19.2
Long Blades    | 3 4 5 7 8 10 11 13 14 15 17 18 19 20 21 | 21.0
Dodging        | 1 2 3 4 5 |  5.4
Stealth        | 1 2 3 |  3.0
Evocations     | 1 2 |  2.4
Short Blades   | 2 |  2.3
Invocations    | 1 |  1.4

Action                   |  1- 3 |  4- 6 |  7- 9 | 10-12 | 13-15 | 16-18 | 19-21 || total
-------------------------+-------+-------+-------+-------+-------+-------+-------++-------
Melee: Long sword        |   111 |   120 |   398 |   605 |       |       |       ||  1234
       Headbutt          |    13 |    32 |    86 |   210 |   380 |   475 |   229 ||  1425
       Double sword      |       |       |       |   142 |  1131 |  1364 |   633 ||  3270
       Rapier            |       |       |       |    45 |       |       |       ||    45
Invok: Heroism           |       |       |       |     7 |     3 |     4 |     2 ||    16
Evoke: Wand              |       |       |       |    23 |       |     7 |     3 ||    33
  Use: Potion            |     1 |     1 |     1 |     2 |     2 |     4 |     3 ||    14
       Scroll            |       |     6 |       |    16 |    15 |    15 |     3 ||    55
  Eat: Chunk             |     3 |    13 |    15 |    43 |    36 |    34 |    11 ||   155
       Ration            |       |       |       |       |       |     3 |     1 ||     4
Armor: Scale mail        |    29 |       |       |    26 |       |       |       ||    55
       Chain mail        |     7 |    59 |   127 |       |       |       |       ||   193
       Plate armour      |       |       |    25 |   195 |   222 |   408 |   169 ||  1019
Dodge: Dodged            |    27 |    30 |    73 |    78 |   233 |   261 |   143 ||   845
Block: Shield            |    59 |    70 |   120 |       |       |       |       ||   249
       Large shield      |       |       |   159 |   770 |   943 |  1337 |   682 ||  3891
       Rpst.: Long sword |     9 |    11 |    19 |     8 |       |       |       ||    47
       Double sword      |       |       |       |     8 |    44 |    38 |    28 ||   118
